 Dungeon Crawl Stone Soup version 0.30.1-4-g462c640d31 (webtiles) character file.

Game seed: 1076664603512961164

311476 Gabide the Imperceptible (level 19, -3/170 HPs)
             Began as a Demigod Delver on Aug 17, 2023.
             Killed by divine providence
             ... invoked by a living spell
             ... summoned by a walking divine tome
              (11 damage)
             ... on level 3 of the Depths on Aug 18, 2023.
             The game lasted 02:58:54 (57888 turns).

Gabide the Imperceptible (Demigod Delver)          Turns: 57888, Time: 02:58:55

Health: -3/170     AC: 12    Str: 13    XL:     19   Next: 63%
Magic:  22/22      EV: 39    Int: 12    God:
Gold:   4249       SH: 12    Dex: 39    Spells: 18/18 levels left

rFire   + . .        Y - +1 double sword (heavy)
rCold   + . .        F - +3 warlock's mirror {omnireflect}
rNeg    . . .        T - +1 robe of Vines {NoPotionHeal Regen++++}
rPois   +            f - +2 hat {Stlth+}
rElec   +            C - +2 cloak {Stlth+}
rCorr   +            L - +0 pair of gloves of Vattali {rPois rF+}
SInv    .            N - +1 pair of boots of Unuxyof {-Cast rC- Regen+ rCorr}
Will    +++..        I - amulet of the Air {Inacc Air Fly rElec RMsl} Stlth *+++++++++
                     d - ring of Hisyli {rPois rC++ Will++ EV+5}
HPRegen 4.48/turn    K - +4 ring of slaying
MPRegen 0.18/turn

%: no spellcasting, repel missiles, reflection
@: about to teleport, flayed, flying, studying 3 skills
A: high MP 1, forlorn, divine attributes
}: 2/15 runes: decaying, gossamer
a: no special abilities


You were on level 3 of the Depths.
You visited 8 branches of the dungeon, and saw 37 of its levels.
You also visited: Gauntlet, Ice Cave and Volcano.

You collected 4968 gold pieces.
You spent 719 gold pieces at shops.

Inventory:

Hand Weapons
 a - the +4 dagger of Checkmate {freeze, Int+3 Stlth+}
   (You found it on level 10 of the Dungeon)

   Int:       It affects your intelligence (+3).
   Stlth:     It makes you more stealthy.
 c - a +2 short sword of speed
 h - a +1 antimagic rapier
 A - a +4 rapier of electrocution
 Y - a +1 heavy double sword (weapon)
Missiles
 p - 124 poisoned darts (quivered)
 t - 4 curare-tipped darts
Armour
 b - the +2 robe "Cames" {Str-3 Int+7 Dex+5}
   (You found it on level 5 of the Lair of Beasts)

   Str:       It affects your strength (-3).
   Int:       It affects your intelligence (+7).
   Dex:       It affects your dexterity (+5).
 f - a +2 hat of stealth (worn)
 B - a +2 pair of boots
 C - a +2 cloak of stealth (worn)
 D - +5 steam dragon scales
 F - the +3 warlock's mirror (worn) {omnireflect}
   (You took it off a deep elf annihilator on level 3 of the Elven Halls)

   Omnireflect: It can block and reflect piercing ranged attacks and magical
   attacks against the wielder's willpower.
 G - the +7 faerie dragon scales {rElec rF+ rCorr Str+2 Slay-3}
   (You took it off the Enchantress on level 2 of the Depths)

   Str:       It affects your strength (+2).
   Slay:      It affects your accuracy & damage with ranged weapons and melee
   (-3).
   rF:        It protects you from fire.
   rElec:     It insulates you from electricity.
   rCorr:     It protects you from acid and corrosion.
 L - the +0 pair of gloves of Vattali (worn) {rPois rF+}
   (You found it in a Gauntlet)

   rF:        It protects you from fire.
   rPois:     It protects you from poison.
 N - the +1 pair of boots of Unuxyof (worn) {-Cast rC- Regen+ rCorr}
   (You found it on level 1 of the Lair of Beasts)

   rC:        It makes you vulnerable to cold.
   -Cast:     It prevents spellcasting.
   Regen:     It increases your rate of health regeneration.
   rCorr:     It protects you from acid and corrosion.
 P - a +2 hat of willpower
 T - the +1 robe of Vines (worn) {NoPotionHeal Regen++++}
   (You took it off a deep elf annihilator on level 3 of the Elven Halls)

   NoPotionHeal: Its wearer cannot be healed by potions.
   Regen:     It increases your rate of health regeneration.
Jewellery
 d - the ring of Hisyli (left hand) {rPois rC++ Will++ EV+5}
   (You took it off a deep elf sorcerer on level 3 of the Elven Halls)

   [ring of evasion]

   EV:        It affects your evasion (+5).
   rC:        It greatly protects you from cold.
   rPois:     It protects you from poison.
   Will:      It greatly increases your willpower.
 q - a ring of see invisible
 s - a ring of protection from fire
 I - the amulet of the Air (around neck) {Inacc Air Fly rElec RMsl}
   (You took it off a deep elf annihilator on level 3 of the Elven Halls)

   [amulet of nothing]

   Inacc:     It reduces the accuracy of your attacks and spells.
   Air:       It enhances your air magic.
   rElec:     It insulates you from electricity.
   Fly:       It grants you flight.
   RMsl:      It protects you from missiles.
 J - an amulet of guardian spirit
 K - a +4 ring of slaying (right hand)
Wands
 k - a wand of quicksilver (30)
 x - a wand of digging (8)
 Q - a wand of roots (19)
 R - a wand of paralysis (18)
Scrolls
 e - 8 scrolls of fear
 g - 4 scrolls of enchant weapon
 i - a scroll of enchant armour
 j - 3 scrolls of vulnerability
 n - 5 scrolls of teleportation
 y - 4 scrolls of brand weapon
 O - 13 scrolls of fog
 S - 2 scrolls of blinking
 W - 6 scrolls of magic mapping
 X - 4 scrolls of immolation
Potions
 l - a potion of invisibility
 m - 8 potions of ambrosia
 o - a potion of berserk rage
 r - 2 potions of cancellation
 u - 3 potions of heal wounds
 v - 3 potions of might
 w - 2 potions of haste
 z - 9 potions of mutation
 E - 9 potions of attraction
 H - 16 potions of curing
 Z - 9 potions of lignification
Miscellaneous
 M - a phial of floods (inert)
 U - a lightning rod (4/4)
 V - a phantom mirror (inert)


   Skills:
 + Level 15.1 Fighting
 * Level 21.1 Short Blades
 - Level 6.0 Armour
 + Level 15.1 Dodging
 * Level 21.1 Stealth
 - Level 6.0 Shields


You had 18 spell levels left.
You didn't know any spells.
Your spell library was empty.

Dungeon Overview and Level Annotations

Branches:
Dungeon (15/15)            Temple (1/1) D:4            Lair (5/5) D:11
  Swamp (4/4) Lair:2       Spider (4/4) Lair:2        Slime (0/5) Lair:5
    Orc (2/2) D:10            Elf (3/3) Orc:2        Vaults (0/5) D:14
 Depths (3/4) D:15          IceCv (visited)         Volcano (visited)
Gauntlet (visited)

Shops:
D:2 ?   D:10 (   D:12 *   Orc:2 [*:(   Elf:1 [[![   Elf:2 :   Depths:1 *

Portals:
Hell: Depths:1 Depths:2 Depths:3
Abyss: Depths:1 Depths:2
Pandemonium: Depths:2
Ziggurat: Depths:2

Annotations:
D:8 1 transporter
Spider:2 2 transporters, engelados's ghost, adept DgCj
Depths:2 4 exclusions


Innate Abilities, Weirdness & Mutations

You have an increased reservoir of magic. (+10% MP)
You shall have no god before yourself.
Your divine heritage dramatically boosts your attributes as you level up.


Message History

Unknown command.
Unknown command.
You slice the caustic shrike!!
The caustic shrike is heavily wounded.
You block the caustic shrike's attack.
The caustic shrike completely misses you.
The living spell casts itself at you. Something smites you!
The living spell casts itself at you. Something smites you!
The walking divine tome erupts in a flurry of living spells!
Unknown command.
You carve the caustic shrike like a turkey!!!
The caustic shrike is severely wounded.
The caustic shrike is no longer moving slowly.
The caustic shrike misses you.
The flayed ghost cries, "Feel what I felt!"
Terrible wounds spread across more of your body!
The walking divine tome erupts in a flurry of living spells!
The living spell casts itself at you. Something smites you!
The living spell casts itself at you. Something smites you!
The caustic shrike claws you!!
* * * LOW HITPOINT WARNING * * *
You are splashed with acid.
You resist.
* * * LOW HITPOINT WARNING * * *
As you read the scroll of teleportation, it crumbles to dust.
You feel strangely unstable. The caustic shrike barely misses you.
The walking divine tome erupts in a flurry of living spells!
The living spell casts itself at you. Something smites you!
* * * LOW HITPOINT WARNING * * *
The living spell casts itself at you. Something smites you!
* * * LOW HITPOINT WARNING * * *
You block the caustic shrike's attack.
The walking divine tome erupts in a flurry of living spells!
The living spell casts itself at you. Something smites you!
You die...

########...........#####
/.......................
...........>...)........
########.#######.....###
#..;#)#.#(#...#.....#
#.#..)#.#...# #.....#
#...#?#.#.#...#.....###
##.####.### ##.....)..
#.*W##@..# #........
#.#;*b.#....# #..^#####
#.*.##...##...#...#
##*####### .##...# #.
..# ##...# .. ...# #...#
#.# ).... ##### #.
(..#.. ##8#


You could see a caustic shrike (poisoned), a walking divine tome and 3 living
smiting commandments.

Vanquished Creatures
  Mara (Swamp:4)
  Sojobo (Depths:3)
  Nikola (Elf:1)
  the Enchantress (Depths:2)
  Arachne (Spider:4)
  Zenata (Elf:3)
  Asterion (Elf:3)
  Mlioglotl (Swamp:4)
  2 liches
  A tentacled monstrosity (Depths:3)
  3 deep elf blademasters
  A deep elf master archer (Elf:3)
  5 sphinxes
  Agnes (Elf:1)
  5 thorn hunters
  Gastronok (Lair:2)
  3 tengu reavers (Depths:3)
  Donald (Elf:1)
  2 storm dragons
  2 frost giants
  A fire giant (Depths:1)
  Roxanne (Elf:3)
  A fenstrider witch (Swamp:2)
  Louise (Depths:2)
  5 deep elf sorcerers (Elf:3)
  8 emperor scorpions
  6 ghost moths
  Aizul (Spider:1)
  2 balrugs
  4 deep elf elementalists (Elf:3)
  5 stone giants
  2 orc warlords (Orc:2)
  5 spriggan defenders
  The ghost of lasso the Thaumaturge, a journeyman GnSu of Gozag (Lair:5)
  A broodmother (Spider:3)
  6 very ugly things
  4 deep elf demonologists
  Azrael (D:13)
  9 deep elf annihilators (Elf:3)
  2 eleionomae
  A red draconian (Volcano)
  A minotaur (Gauntlet)
  The ghost of Lene the Eclecticist, a journeyman DECj of Kikubaaqudgha (D:13)
  2 bunyips
  A spark wasp (Spider:3)
  3 ettins
  A blizzard demon (Depths:3)
  A merfolk impaler (Depths:2)
  Josephine (Lair:4)
  2 entropy weavers
  4 deep elf high priests
  A fire dragon (D:15)
  Snorg (D:10)
  The ghost of LavenderCorpse the Earth Mage, a journeyman GrEE of Vehumet (Lair:1)
  3 ice dragons
  3 shambling mangroves
  2 jorogumos (Spider:2)
  2 rakshasas
  18 hydras
  Harold (D:10)
  A salamander tyrant (Depths:2)
  3 caustic shrike simulacra (IceCv)
  A radroach (Spider:3)
  2 spriggan air magi (Depths:3)
  2 ghost crabs
  5 centaur warriors
  8 boulder beetles
  A death knight (D:15)
  2 deep troll shamans
  9 two-headed ogres
  2 tengu warriors (D:13)
  An alligator (shapeshifter) (Elf:3)
  A deep troll earth mage (D:15)
  5 death yaks (Lair:2)
  29 dancing weapons
  5 alligators
  3 orc high priests
  3 spriggan berserkers
  Nergalle (Orc:1)
  14 deep elf knights
  3 hell knights
  4 sun demons
  3 iron trolls
  A salamander mystic (Depths:2)
  Amaemon (D:9)
  2 pharaoh ants
  5 spriggan druids
  A skyshark (Lair:2)
  Lodul (D:10)
  7 deep elf archers
  10 orb spiders
  2 flayed ghosts
  10 deep trolls
  A wizard (D:15)
  4 bog bodies
  14 swamp dragons
  A glowing orange brain (Depths:2)
  7 steelbarb worms
  28 deep elf pyromancers
  15 deep elf zephyrmancers
  A lindwurm (Lair:5)
  4 orc knights
  2 orange crystal statues (IceCv)
  An oklob plant (Swamp:3)
  37 ugly things
  4 orc sorcerers
  24 wolf spiders
  6 will-o-the-wisps
  A faun (shapeshifter) (D:10)
  2 salamanders (Depths:2)
  3 cyclopes
  10 elephants
  5 manticores
  4 moths of wrath
  A black mamba (shapeshifter) (Depths:3)
  7 demonic crawlers
  A rust devil (Gauntlet)
  Joseph (D:9)
  6 black mambas
  An orange demon (D:9)
  An unseen horror (D:12)
  3 torpor snails
  A smoke demon (Depths:2)
  An ice statue (D:9)
  6 cane toads
  A gargoyle (D:14)
  Maggie (D:6)
  2 rime drakes
  4 komodo dragons
  A kobold demonologist (D:10)
  2 yaktaurs (Volcano)
  5 freezing wraiths
  A minotaur zombie (Gauntlet)
  An anaconda simulacrum (IceCv)
  A tengu conjurer (D:15)
  Psyche (D:10)
  2 golden dragon simulacra (IceCv)
  5 meliai
  14 trolls
  A bloated husk (Swamp:3)
  7 tyrant leeches
  20 tarantellas
  A tarantella (shapeshifter) (D:14)
  17 hornets
  3 polar bears
  Prince Ribbit (Lair:2)
  12 blink frogs
  A spectral dream sheep (Lair:1)
  13 slime creatures
  5 dream sheep
  A spectral black mamba (Lair:1)
  6 air elementals
  18 jumping spiders
  Sigmund (D:3)
  2 dire elephant simulacra (IceCv)
  2 shadows
  23 culicivoras
  A large abomination (Depths:3)
  8 wyverns
  30 yaks
  3 centaur simulacra (Gauntlet)
  A ynoxinul (Gauntlet)
  28 spriggans
  10 water elementals
  7 wraiths
  4 fire elementals
  Grum (D:7)
  3 chaos spawn (Depths:3)
  2 steam dragons
  5 basilisks
  A spectral komodo dragon (Lair:1)
  40 redbacks
  14 vampire mosquitoes
  A harpy simulacrum (IceCv)
  16 swamp worms
  2 acid dragons
  12 water moccasins
  4 wargs
  A hydra simulacrum (IceCv)
  3 hell hounds (D:13)
  8 swamp drakes (Swamp:4)
  35 orc warriors
  An ice beast (D:7)
  3 alligator simulacra (IceCv)
  2 sky beasts
  7 black bears
  2 ettin simulacra (IceCv)
  2 black mamba simulacra (Lair:1)
  4 boggarts (Lair:5)
  13 centaurs
  15 ogres
  32 wolves
  2 phantoms (D:7)
  22 kobold brigands
  7 bullfrogs
  A scorpion (D:5)
  2 earth elementals
  2 small abominations
  A wyvern zombie (D:9)
  15 wights
  A lindwurm simulacrum (IceCv)
  6 killer bees
  An oklob sapling (Swamp:3)
  A wyvern simulacrum (Gauntlet)
  8 jellies
  A centaur zombie (D:9)
  8 orc priests
  A hound (D:6)
  A sleepcap (D:5)
  7 iguanas
  3 iron imps (Gauntlet)
  Jessica (D:2)
  Ijyb (D:4)
  21 orc wizards
  4 gnolls
  3 adders
  A shadow imp (D:5)
  2 white imps
  2 ufetubi (D:5)
  5 worms
  2 dart slugs
  69 orcs
  7 ball pythons
  9 bats
  6 endoplasms
  2 giant cockroaches
  6 goblins
  6 hobgoblins
  3 jackals (D:3)
  5 quokkas
  3 frilled lizards
  48 kobolds
  4 rats
1298 creatures vanquished.

Vanquished Creatures (collateral kills)
  2 dancing weapons (Elf:3)
  An acid dragon (D:10)
3 creatures vanquished.

Vanquished Creatures (others)
  A fire giant (Depths:2)
  A deep elf high priest (Elf:3)
  A hydra (Swamp:4)
  A deep elf knight (Elf:3)
  An unseen horror (shapeshifter) (D:13)
  2 bloated husks
  2 orc warriors
  A kobold brigand (D:10)
  2 orcs
  26 foxfires
38 creatures vanquished.

Grand Total: 1339 creatures vanquished

Notes
Turn   | Place    | Note
-------+----------+-------------------------------------------
     0 | D:5      | Gabide the Demigod Delver began the quest for the Orb.
     0 | D:5      | Reached XP level 1. HP: 18/18 MP: 3/3
    37 | D:5      | Noticed an orc wizard
   163 | D:4      | Noticed Ijyb
   628 | D:5      | Reached XP level 2. HP: 25/25 MP: 4/4
  1129 | D:4      | Killed Ijyb
  1130 | D:4      | Reached XP level 3. HP: 23/30 MP: 5/5
  1204 | D:4      | Reached skill level 5 in Stealth
  1320 | D:3      | Identified a scroll of acquirement
  1320 | D:3      | Acquired a +4 spectral lajatang
  1596 | D:2      | Found Aguckenk's Magic Scroll Boutique.
  1601 | D:2      | Noticed Jessica
  1606 | D:2      | Reached XP level 4. HP: 38/38 MP: 6/6
  1608 | D:2      | Killed Jessica
  1623 | D:2      | Bought a scroll of teleportation for 36 gold pieces
  3499 | D:3      | Noticed Sigmund
  3507 | D:3      | Killed Sigmund
  3508 | D:3      | Reached XP level 5. HP: 37/45 MP: 7/7
  3893 | D:4      | Reached XP level 6. HP: 33/51 MP: 8/8
  4193 | D:4      | Identified the +2 scale mail of Qet Joj {rC+ Int-3 Dex+3}
  4308 | D:4      | Identified the +6 lajatang of the Uplifting Bear {freeze,
                  | Stlth+}
  4633 | D:4      | Reached XP level 7. HP: 50/58 MP: 9/9
  4716 | D:4      | Found a staircase to the Ecumenical Temple.
  4927 | Temple   | Entered the Ecumenical Temple
  5497 | D:5      | Reached skill level 5 in Short Blades
  6052 | D:6      | Reached XP level 8. HP: 50/67 MP: 10/10
  6163 | D:6      | Noticed Maggie
  6433 | D:6      | Killed Maggie
  6494 | D:6      | Reached skill level 5 in Fighting
  7435 | D:7      | Reached XP level 9. HP: 74/74 MP: 11/11
  7453 | D:7      | Identified the +8 mace of the Mushroom {freeze, Drain
                  | +Blink rElec rC+ Dex+2}
  8047 | D:7      | Reached skill level 5 in Dodging
  8357 | D:8      | Noticed Grum
  8709 | D:7      | Killed Grum
  9650 | D:8      | Found a transporter.
  9650 | D:8      | Noticed a fire dragon
  9651 | D:8      | Noticed a boulder beetle
  9859 | D:9      | Noticed Joseph
  9881 | D:9      | Reached XP level 10. HP: 71/83 MP: 11/13
  9919 | D:9      | Killed Joseph
  9920 | D:9      | Reached skill level 10 in Stealth
 10672 | D:9      | Noticed an ice statue
 10681 | D:9      | Killed an ice statue
 10846 | D:9      | Noticed a two-headed ogre
 10849 | D:9      | Killed a two-headed ogre
 10850 | D:9      | Reached skill level 10 in Short Blades
 11083 | D:9      | Noticed Amaemon
 11206 | D:9      | Killed Amaemon
 11430 | D:10     | Entered Level 10 of the Dungeon
 11475 | D:10     | Noticed a manticore
 11526 | D:9      | Killed a manticore
 11846 | D:10     | Noticed Psyche
 11855 | D:10     | Killed Psyche
 11871 | D:10     | Noticed Harold
 11879 | D:10     | Reached XP level 11. HP: 40/92 MP: 5/14
 11907 | D:10     | Noticed a two-headed ogre
 11910 | D:10     | Killed Harold
 12273 | D:10     | Noticed Snorg
 12279 | D:10     | Noticed a death drake
 12283 | D:10     | Noticed a centaur warrior
 12284 | D:10     | a death drake changed into a lindwurm
 12284 | D:10     | Noticed a lindwurm (shapeshifter)
 12289 | D:10     | Killed Snorg
 12292 | D:10     | a lindwurm changed into a faun
 12316 | D:10     | Killed a centaur warrior
 12568 | D:10     | Identified the staff of cold "Reubyn" {rF++ rC+}
 12616 | D:10     | Identified the +0 robe of Calculation {rPois Int+4}
 12616 | D:10     | Identified the +4 dagger of Checkmate {freeze, Int+3
                  | Stlth+}
 12642 | D:10     | Noticed a two-headed ogre
 12648 | D:10     | Noticed a centaur warrior
 12686 | D:10     | Killed a two-headed ogre
 12703 | D:10     | Killed a centaur warrior
 12929 | D:10     | Found Moaver's Weapon Shop.
 12990 | D:10     | Noticed Lodul
 13007 | D:10     | Killed Lodul
 13305 | D:10     | Noticed a two-headed ogre
 13326 | D:10     | Killed a two-headed ogre
 13442 | D:10     | Killed a two-headed ogre
 13633 | D:10     | Found a staircase to the Orcish Mines.
 14719 | D:11     | Reached XP level 12. HP: 102/102 MP: 15/15
 15260 | D:11     | Found a staircase to the Lair.
 15455 | Lair:1   | Entered Level 1 of the Lair of Beasts
 15501 | Lair:1   | Found a runed translucent gate.
 15501 | Lair:1   | Found a runed translucent gate.
 15501 | Lair:1   | Found a runed translucent gate.
 15501 | Lair:1   | Noticed LavenderCorpse's ghost (journeyman GrEE)
 15510 | Lair:1   | Found a gate leading to a gauntlet.
 15519 | Gauntlet | Entered a Gauntlet
 15519 | Gauntlet | Found a transporter.
 15519 | Gauntlet | Found a transporter.
 15519 | Gauntlet | Found a transporter.
 15559 | Gauntlet | Found a transporter.
 15562 | Gauntlet | Found a transporter.
 15570 | Gauntlet | Found a transporter.
 15573 | Gauntlet | Found a transporter.
 15577 | Gauntlet | Found a runed translucent door.
 15579 | Gauntlet | Found a runed translucent door.
 15581 | Gauntlet | Found a transporter.
 15599 | Gauntlet | Found a transporter.
 15602 | Gauntlet | Noticed a blizzard demon
 15616 | Gauntlet | Found a transporter.
 15619 | Gauntlet | Found a transporter.
 15629 | Gauntlet | Found a transporter.
 16077 | Gauntlet | Identified the +0 pair of gloves of Vattali {rPois rF+}
 16205 | Gauntlet | Noticed a minotaur
 16213 | Gauntlet | Killed a minotaur
 16216 | Gauntlet | Identified the +0 battleaxe of the Equator {drain, rF++
                  | Will- Int+2 Stlth+}
 17566 | Lair:1   | Reached skill level 15 in Short Blades
 17633 | Lair:1   | Killed LavenderCorpse's ghost
 17684 | Lair:1   | Identified the +1 pair of boots of Unuxyof {-Cast rC-
                  | Regen+ rCorr}
 17845 | Lair:2   | HP: 5/104 [death yak (21)]
 17869 | Lair:2   | Reached XP level 13. HP: 41/111 MP: 16/16
 18346 | Lair:2   | Found a staircase to the Swamp.
 18731 | Lair:2   | Noticed Gastronok
 18775 | Lair:2   | Killed Gastronok
 18953 | Lair:2   | Found a hole to the Spider Nest.
 18954 | Lair:2   | Noticed Prince Ribbit
 18989 | Lair:2   | Killed Prince Ribbit
 20873 | Lair:4   | Noticed Josephine
 20902 | Lair:4   | Killed Josephine
 21722 | Lair:5   | Entered Level 5 of the Lair of Beasts
 21740 | Lair:5   | Reached skill level 15 in Stealth
 21806 | Lair:5   | Found a staircase to the Slime Pits.
 22808 | Lair:5   | Reached skill level 10 in Fighting
 23101 | Lair:5   | Found a runed translucent door.
 23102 | Lair:5   | Noticed lasso's ghost (journeyman GnSu)
 23121 | Lair:5   | Reached XP level 14. HP: 103/121 MP: 17/17
 23139 | Lair:5   | Killed lasso's ghost
 23140 | Lair:5   | Identified the +2 robe "Cames" {Str-3 Int+7 Dex+5}
 23885 | Lair:5   | Paralysed by a hornet for 3 turns
 24899 | D:12     | Reached skill level 10 in Dodging
 25420 | D:12     | Found Goeshosh's Elemental Accessories.
 26006 | D:13     | Noticed Azrael
 26016 | D:13     | Found a runed translucent door.
 26016 | D:13     | Noticed Lene's ghost (journeyman DECj)
 26117 | D:13     | Killed Lene's ghost
 26203 | D:13     | Killed Azrael
 27146 | D:14     | Found a gate to the Vaults.
 27215 | D:14     | Identified the +3 trident "Figg" {heavy, rPois rC- Int+5}
 27425 | D:14     | Identified the amulet "Eskoasm" {Harm Regen+ Str-4 Dex+4}
 27881 | D:15     | Entered Level 15 of the Dungeon
 29121 | D:15     | Reached XP level 15. HP: 129/129 MP: 18/18
 29829 | D:15     | Found a staircase to the Depths.
 30241 | Orc:1    | Entered Level 1 of the Orcish Mines
 30509 | Orc:1    | Noticed Nergalle
 30531 | Orc:1    | Killed Nergalle
 30697 | Orc:1    | Found a dark tunnel.
 30767 | Volcano  | Entered a volcano
 31155 | Orc:2    | Entered Level 2 of the Orcish Mines
 31186 | Orc:2    | Found Utehabb's General Store.
 31366 | Orc:2    | Found Qempiwk's Antique Armour Shop.
 31546 | Orc:2    | Found Atearoy's Antique Weapon Shop.
 31683 | Orc:2    | Found Xamuamag's Book Boutique.
 31804 | Orc:2    | Found a staircase to the Elven Halls.
 32532 | Swamp:1  | Entered Level 1 of the Swamp
 33888 | Swamp:2  | Noticed a fenstrider witch
 33903 | Swamp:2  | Killed a fenstrider witch
 34504 | Swamp:2  | Identified the +6 dire flail of Peantygu {protect, Str+2
                  | Int+2 Dex+3}
 35362 | Swamp:3  | Noticed a thorn hunter
 35362 | Swamp:3  | Noticed a thorn hunter
 35362 | Swamp:3  | Noticed a thorn hunter
 35387 | Swamp:3  | Killed a thorn hunter
 35388 | Swamp:3  | Reached skill level 1 in Shields
 35957 | Swamp:3  | Killed a thorn hunter
 36030 | Swamp:3  | Reached XP level 16. HP: 61/139 MP: 19/19
 36634 | Swamp:4  | Entered Level 4 of the Swamp
 36634 | Swamp:4  | Noticed Mara
 36703 | Swamp:4  | Killed Mara
 36704 | Swamp:4  | Reached skill level 5 in Shields
 36996 | Swamp:4  | Reached skill level 1 in Armour
 37047 | Swamp:4  | Noticed Mlioglotl
 37095 | Swamp:4  | Killed Mlioglotl
 37496 | Swamp:4  | Reached skill level 5 in Armour
 37609 | Swamp:4  | Got a decaying rune of Zot
 38317 | Spider:1 | Entered Level 1 of the Spider Nest
 38677 | Spider:1 | Noticed Aizul
 38787 | Spider:1 | Killed Aizul
 40378 | Spider:2 | Noticed engelados's ghost (adept DgCj)
 40547 | Spider:2 | Paralysed by a jorogumo for 1 turns
 40880 | Spider:2 | Found a transporter.
 40881 | Spider:2 | Found a transporter.
 42080 | Spider:2 | Reached XP level 17. HP: 82/148 MP: 0/20
 43059 | Spider:4 | Entered Level 4 of the Spider Nest
 44596 | Spider:4 | Noticed Arachne
 44607 | Spider:4 | Killed Arachne
 45542 | Spider:4 | Found the +3 pair of seven-league boots {Rampage+∞}
 45564 | Spider:4 | Got a gossamer rune of Zot
 46262 | Elf:1    | Entered Level 1 of the Elven Halls
 46262 | Elf:1    | Noticed Nikola
 46268 | Elf:1    | Killed Nikola
 46290 | Elf:1    | Found Lariodghu's Distillery.
 46290 | Elf:1    | Found Doampid's Antique Armour Shop.
 46291 | Elf:1    | Found Zyommunu's Armour Boutique.
 46292 | Elf:1    | Noticed Agnes
 46293 | Elf:1    | Found Teakix's Antique Armour Shop.
 46312 | Elf:1    | Killed Agnes
 46416 | Elf:1    | Bought a +2 buckler of poison resistance for 277 gold
                  | pieces
 46430 | Elf:1    | Bought a potion of haste for 140 gold pieces
 46430 | Elf:1    | Bought a potion of heal wounds for 70 gold pieces
 46430 | Elf:1    | Bought a potion of heal wounds for 70 gold pieces
 46430 | Elf:1    | Bought a potion of flight for 42 gold pieces
 46430 | Elf:1    | Bought a potion of attraction for 42 gold pieces
 46430 | Elf:1    | Bought a potion of curing for 42 gold pieces
 46551 | Elf:1    | HP: 4/149 [deep elf zephyrmancer/bolt of lightning (18)]
 47095 | Elf:1    | Identified the +1 kite shield of Utucirgh {rPois Str+2
                  | Int-5 Dex+5}
 47095 | Elf:1    | Noticed Donald
 47102 | Elf:1    | Killed Donald
 47380 | Elf:2    | Paralysed by an air elemental for 1 turns
 47522 | Elf:2    | Identified the +1 mace of the Leaping Genius {chaos, rC++
                  | Str+5 Dex-4}
 47570 | Elf:2    | Found Fuypinegh's Self-Improvement Boutique.
 47925 | Elf:2    | Found a runed translucent gate.
 47925 | Elf:2    | Found a runed translucent gate.
 47925 | Elf:2    | Found a runed translucent gate.
 49411 | Elf:2    | Reached XP level 18. HP: 157/157 MP: 21/21
 49515 | Elf:3    | Entered Level 3 of the Elven Halls
 49610 | Elf:3    | Found a runed translucent gate.
 49610 | Elf:3    | Found a runed translucent gate.
 49610 | Elf:3    | Found a runed translucent gate.
 50043 | Elf:3    | Found a frozen archway.
 50181 | IceCv    | Entered an ice cave
 50228 | IceCv    | HP: 6/158 [caustic shrike simulacrum (53)]
 51521 | Elf:3    | Identified Roxanne's Book of Geology
 51521 | Elf:3    | Noticed Roxanne
 51547 | Elf:3    | Noticed Asterion
 51554 | Elf:3    | Killed Asterion
 51585 | Elf:3    | Noticed Zenata
 51706 | Elf:3    | Killed Zenata
 52080 | Elf:3    | Killed Roxanne
 52281 | Elf:3    | Noticed a Brimstone Fiend
 52857 | Elf:3    | Identified the +0 scale mail of Foharur {rC+ rN+ Will+
                  | Int+4}
 52958 | Elf:3    | Identified the +6 dagger "Losienus" {elec, rElec Will-
                  | rCorr Dex+3}
 53475 | Elf:3    | Identified the ring of Hisyli {rPois rC++ Will++ EV+5}
 53881 | Elf:3    | Identified the staff of poison "Lunelur" {rElec rPois rF-
                  | Str+5}
 54211 | Depths:1 | Entered Level 1 of the Depths
 54546 | Depths:1 | Identified the +6 great sword "Jihet" {freeze, rF+ Str-2
                  | Dex+4}
 54573 | Depths:1 | Found a gateway to Hell.
 54773 | Depths:1 | Found a one-way gate to the infinite horrors of the Abyss.
 55085 | Depths:1 | Found Pumat's Gadget Gallery.
 55237 | Depths:2 | Reached XP level 19. HP: 161/167 MP: 22/22
 55357 | Depths:2 | Found a one-way gateway to a ziggurat.
 55609 | Depths:2 | Noticed Louise
 55615 | Depths:2 | Killed Louise
 55695 | Depths:2 | Found a one-way gate leading to the halls of Pandemonium.
 56328 | Depths:3 | Noticed Sojobo
 56328 | Depths:3 | Noticed the Enchantress
 56962 | Depths:3 | Killed Sojobo
 57346 | Depths:2 | Reached skill level 15 in Fighting
 57380 | Depths:2 | Reached skill level 15 in Dodging
 57587 | Depths:2 | Killed the Enchantress
 57812 | Depths:3 | Noticed a caustic shrike
 57871 | Depths:3 | Found the +5 glaive of the Guard {elec, spectral, AC+5}
 57887 | Depths:3 | HP: 3/170 [living spell/divine providence[a walking divine
                  | tome] (16)]
 57888 | Depths:3 | Killed from afar by a living spell

Illustrated notes

Levels and vault maps discovered:
D:1:      lightli_molten_gateway, layout_basic
D:2:      layout_loops_ring, serial_shops, nicolae_shop_trees, uniq_jessica
D:3:      layout_loops_ring, ebering_dispersal_statue_hall, uniq_sigmund
D:4:      minmay_bubble_buster, layout_basic, mainiacjoe_overflow_brackets,
          minmay_temple_entry_poolview, uniq_ijyb
D:5:      layout_basic, nzn_wu_jian_contemplation, minmay_circle_x
D:6:      layout_loops_ring, general_overflow_altar, grunt_decor_junction,
          dreamdust_princess_corridor, dk_rats_in_the_wall, uniq_maggie
D:7:      layout_cave_pods, lemuel_round_altar
D:8:      layout_loops_ring, grunt_nemelex_the_gamble,
          amethyst_overflow_temple_binary, minmay_manual_mandibuliform,
          uniq_grum
D:9:      nicolae_cairo_tiling, layout_stronghold,
          lemuel_zombie_altar_yredelemnul, minivault_16, uniq_amaemon,
          uniq_joseph
D:10:     minmay_the_grid_net [minmay_the_grid_holed_spiral,
          minmay_the_grid_broken_lines, minmay_the_grid_all_tris,
          minmay_the_grid_minigrid_small, minmay_the_grid_expand,
          minmay_the_grid_prize_four_corners_diamond_b], layout_cave_pools,
          david_orc_5, serial_shops, kennysheep_mini, special_room
          [special_room_kobold], nicolae_elevator_lobby_plus, uniq_snorg,
          uniq_psyche, uniq_harold, uniq_lodul
D:11:     layout_loops_ring, lair_entry_dummy, trog_three_pillars_becter
D:12:     layout_roguey, nicolae_elemental_shop,
          nicolae_uskayaw_murder_on_the_dancefloor
D:13:     layout_basic, gammafunk_ghost_grave, st_stairs_13, elyvilon_altar_3,
          uniq_azrael
D:14:     layout_basic, david_vaults_4, minmay_strange_pillars
D:15:     hangedman_depths_entry_civil_slaughter, layout_loops_ring,
          minmay_misc_feat_square
Temple:   zaba_magenta_temple
Lair:1:   layout_hall_layers, gauntlet_entry_generic, gammafunk_ghost_necromancy
Lair:2:   layout_cellular_growth, minmay_swamp_entry_reptiles,
          hellmonk_spider_entry_life_and_decay, serial_bayou_shore_b,
          grunt_megastairs_3, uniq_prince_ribbit2, uniq_gastronok
Lair:3:   layout_roguey, lemuel_another_geyser, grunt_megastairs_4
Lair:4:   layout_cave_pods, grunt_forest_small_clearing_treed, uniq_josephine
Lair:5:   minmay_lair_end_enchanted_forest, layout_regular_city,
          nicolae_slime_entry_slimehenge, ebering_ghost_xom, minmay_hedge_maze,
          chequers_serial_rivers_marsh
Swamp:1:  layout_basic_swamp, evilmike_swamp_ruin_house_1,
          infiniplex_staircase_pool_2
Swamp:2:  layout_falls_marsh, nicolae_swamp_little_swirl
Swamp:3:  nicolae_swamp_phyte_club, layout_basic_swamp,
          evilmike_swamp_ruin_rubble_1
Swamp:4:  swamp, layout_basic_swamp, swamp_pool3, nicolae_swamp_tree_designs,
          uniq_mara, uniq_mlioglotl
Spider:1: layout_spider_delve, uniq_aizul
Spider:2: layout_chambers, gammafunk_ghost_arena
Spider:3: layout_spider_delve, hangedman_spider_tarantella_strand
Spider:4: grunt_spider_rune_circles, drop_trap, uniq_arachne
Orc:1:    layout_diamond_mine, nicolae_volcano_entry_two_sided, uniq_nergalle
Orc:2:    grunt_orc_gardens, layout_caves, grunt_orc_garden, grunt_orc_garden,
          grunt_orc_garden, grunt_orc_garden
Elf:1:    layout_geoelf_octagon, hangedman_elf_represent, minivault_20,
          minmay_shoptagon, uniq_agnes, uniq_donald, uniq_nikola
Elf:2:    elven_hall_of_blades_hangedman_original
          [nicolae_blade_entry_hurt_lockers], layout_geoelf_diagonals,
          serial_sigils_hangedman_shear, nicolae_shop_self_help
Elf:3:    minmay_elf_hall_furrowed, layout_loops_corners,
          portal_ice_cave_entry_pillars_2,
          nicolae_gammafunk_elf_defective_weapons_storage, uniq_asterion,
          uniq_roxanne, uniq_zenata
Depths:1: layout_cave_pools, lightli_too_deep, serial_column_ruins,
          column_ruins_portal_hut, column_ruins_hut, column_ruins_hut,
          column_ruins_open_small, column_ruins_open_small,
          column_ruins_columns_corner, column_ruins_corridor_straight,
          column_ruins_corridor_straight, column_ruins_columns_corner,
          column_ruins_open_small_water, nicolae_shop_gadgets
Depths:2: dreamdust_cat_pyramid, layout_cave_pools, enter_ziggurat_c,
          kennysheep_nondescript, nicolae_abyss_entry_one_way_or_another,
          hellmouth_1, grunt_pan_entry_zigzag, uniq_josephina
Depths:3: minmay_guarded_unrand_guard, layout_long_grid, hangedman_coc_ice_floe,
          minmay_room_of_horrors, firewood_loft, uniq_enchantress, uniq_sojobo

Skill      XL: |  1  2  3  4  5  6  7  8  9 10 11 12 13 14 15 16 17 18 19 |
---------------+----------------------------------------------------------+-----
Short Blades   | 2 3 4 5 6 8 11 13 15 16 17 18 19 20 21 | 21.1
Dodging        | 2 3 4 5 6 7 8 9 10 12 13 14 15 | 15.1
Fighting       | 3 4 5 6 7 8 9 10 11 12 13 14 15 | 15.1
Stealth        | 5 6 7 8 9 11 12 14 15 16 18 19 21 | 21.1
Shields        | 3 6 |  6.0
Armour         | 6 |  6.0

Action                     |  1- 3 |  4- 6 |  7- 9 | 10-12 | 13-15 | 16-18 | 19-21 || total
---------------------------+-------+-------+-------+-------+-------+-------+-------++-------
  Melee: Short sword       |    63 |       |   414 |   426 |       |       |   176 ||  1079
         Unarmed           |    26 |       |       |       |       |       |       ||    26
         Lajatang          |    11 |    87 |    84 |    59 |       |       |       ||   241
         Punch             |     1 |       |    10 |    17 |    22 |       |       ||    50
         Dagger            |       |       |       |   891 |  2264 |  2459 |   821 ||  6435
         Rapier            |       |       |       |       |       |   100 |     3 ||   103
         Double sword      |       |       |       |       |       |     9 |    20 ||    29
  Throw: Dart              |       |     3 |     4 |    48 |    10 |    43 |    20 ||   128
         Throwing net      |       |       |       |     8 |     3 |     7 |       ||    18
  Evoke: Wand              |     3 |       |     2 |    15 |     9 |    21 |     3 ||    53
         Lightning rod     |       |       |       |       |     4 |     4 |       ||     8
         Phantom mirror    |       |       |       |       |       |     2 |     1 ||     3
         Phial of floods   |       |       |       |       |       |       |     1 ||     1
    Use: Potion            |     1 |       |     6 |     9 |     7 |    29 |     3 ||    55
         Scroll            |     2 |    12 |     6 |    12 |    13 |    16 |     5 ||    66
   Stab: Sleeping          |     5 |    25 |    15 |    19 |    79 |    77 |    12 ||   232
         Confused          |     3 |       |       |       |       |     1 |     1 ||     5
         Invisible         |       |       |     6 |    12 |     1 |     7 |       ||    26
         Distracted        |       |       |     1 |     4 |    20 |    21 |     4 ||    50
         Paralysed         |       |       |     1 |     4 |     4 |     1 |     1 ||    11
         Held in net/web   |       |       |       |     7 |     2 |     4 |       ||    13
 Armour: Leather armour    |    12 |    20 |    42 |       |       |       |       ||    74
         Skin              |     3 |       |       |       |       |       |       ||     3
         Steam dragon scal |       |       |    51 |   256 |   325 |   399 |       ||  1031
         Robe              |       |       |       |       |     1 |    19 |    61 ||    81
  Dodge: Dodged            |    42 |    30 |   308 |   766 |  1430 |  1839 |   764 ||  5179
         Repelled          |       |       |       |       |       |     3 |     2 ||     5
  Block: Other             |       |       |       |    46 |   153 |       |       ||   199
         Reflection        |       |       |       |       |    25 |    43 |    29 ||    97
         Buckler           |       |       |       |       |   468 |  1378 |   439 ||  2285
